 Dungeon Crawl Stone Soup version 0.19.0-11-g3fc08b3 (webtiles) character file.

2821 mopl the Scholar of Death (level 9, -3/57 HPs)
             Began as a Mummy Necromancer on Nov 7, 2016.
             Was a Follower of Kikubaaqudgha.
             Killed from afar by an electric eel (16 damage)
             ... with a bolt of electricity
             ... on level 8 of the Dungeon on Nov 8, 2016.
             The game lasted 00:21:35 (9237 turns).

mopl the Scholar of Death (Mummy Necromancer)       Turns: 9237, Time: 00:21:36

Health: -3/57      AC:  7    Str: 11    XL:     9   Next: 45%
Magic:  12/18      EV: 11    Int: 13    God:    Kikubaaqudgha [*.....]
Gold:   348        SH:  0    Dex: 14    Spells: 5 memorised, 9 levels left

rFire  x . .     SeeInvis .     a - +2 short sword (venom)
rCold  + . .     Gourm    .     w - +0 leather armour {rN+}
rNeg   + + +     Faith    +     (no shield)
rPois  ∞         Spirit   .     (no helmet)
rElec  .         Reflect  .     y - +2 cloak {MR+}
rCorr  .         Harm     .     (no gloves)
MR     ++...                    d - +0 pair of boots
Stlth  ++........               o - amulet of faith {!P}
                                (no ring)
                                A - -3 ring of intelligence (curse)

@: no status effects
A: no food or potions, fire vulnerability, cold resistance 1, negative energy
resistance 3, torment resistance, unbreathing
a: Receive Corpses, Renounce Religion


You were on level 8 of the Dungeon.
You worshipped Kikubaaqudgha.
Kikubaaqudgha was aware of your devotion.
You were not hungry.

You visited 2 branches of the dungeon, and saw 9 of its levels.

You collected 348 gold pieces.

Inventory:

Hand Weapons
 a - a +2 short sword of venom (weapon)
 b - a +0 hunting sling
 k - a +0 spear
 t - a +0 scythe
 u - a +1 dagger of draining
 x - a +3 quarterstaff of chaos
Missiles
 c - 249 stones (quivered)
 j - 19 tomahawks
Armour
 d - a +0 pair of boots (worn)
 w - a +0 leather armour of positive energy (worn)
 y - a +2 cloak of magic resistance (worn)
 C - a +0 shield
 E - a +0 buckler
Jewellery
 o - an amulet of faith (around neck) {!P}
 A - a cursed -3 ring of intelligence (left hand)
 D - an uncursed ring of ice
Wands
 f - a wand of flame (5/48)
 q - a wand of acid (5/15)
 s - a wand of iceblast (6/15)
 B - a wand of acid (4/15)
Scrolls
 g - a scroll of enchant weapon
 h - 3 scrolls of remove curse
 l - 2 scrolls of enchant armour
 m - 2 scrolls of noise
 n - 2 scrolls of immolation
 p - 3 scrolls of recharging
 r - a scroll of blinking
 v - a scroll of amnesia
 z - 2 scrolls of teleportation
 F - 3 scrolls of fear
 G - a scroll of magic mapping
Books
 e - a book of Necromancy

   Spells                             Type                      Level
   a - Pain                           Necromancy                   1
   b - Animate Skeleton               Necromancy                   1
   c - Vampiric Draining              Necromancy                   3
   d - Regeneration                   Charms/Necromancy            3
   e - Animate Dead                   Necromancy                   4
   f - Control Undead                 Necromancy                   4
 i - Kikubaaqudgha's Catalogue of Darkness
   (Kikubaaqudgha gifted it to you on level 7 of the Dungeon)

   Spells                             Type                      Level
   a - Animate Skeleton               Necromancy                   1
   b - Pain                           Necromancy                   1
   c - Corpse Rot                     Necromancy                   2
   d - Vampiric Draining              Necromancy                   3
   e - Control Undead                 Necromancy                   4


   Skills:
 + Level 5.3 Polearms
 - Level 1.5 Dodging
 - Level 1.5 Stealth
 + Level 6.3 Spellcasting
 + Level 10.0 Necromancy


You had 9 spell levels left.
You knew the following spells:

 Your Spells              Type           Power        Failure   Level  Hunger
a - Pain                  Necr           ####         1%          1    N/A
b - Vampiric Draining     Necr           ####......   1%          3    N/A
c - Corpse Rot            Necr           N/A          1%          2    N/A
x - Animate Skeleton      Necr           N/A          1%          1    N/A
C - Control Undead        Necr           ####......   3%          4    N/A

Dungeon Overview and Level Annotations

Branches:
Dungeon (8/15)             Temple (1/1) D:6
   Lair: D:8-11

Altars:
Ashenzari
Elyvilon
Fedhas
Gozag
Kikubaaqudgha
Nemelex Xobeh
Okawaru
Qazlal
Ru
Sif Muna
Trog
Xom
Yredelemnul
The Shining One

Annotations:
D:7 Monsterracer's ghost, novice MiFi
D:8 Psyche


Innate Abilities, Weirdness & Mutations

You do not eat or drink.
Your flesh is vulnerable to fire.
You are immune to poison.
Your flesh is cold resistant. (rC+)
You are immune to negative energy. (rN+++)
You are immune to unholy pain and torment.
You can survive without breathing.


Message History

Press: ? - help, Shift-Dir - straight line, f/p - wyvern
Aim: a wyvern (almost dead, poisoned)
You kill the wyvern!
Kikubaaqudgha accepts your kill.
You feel life coursing into your body.
You see here a jackal corpse.
Casting: Vampiric Draining
Confirm with . or Enter, or press ? or * to list all spells.
You attempt to give life to the dead...
Before your eyes, flesh is ripped from the corpse!
The dead are walking!
You see here 3 chunks of flesh.
A hippogriff comes into view.
You swap places.
The electric eel shoots out a bolt of lightning at you!
The bolt of electricity hits the plant.
The bolt of electricity hits your yak skeleton.
The bolt of electricity hits you!
You die...
Kikubaaqudgha rasps: "You have failed me!
Welcome... oblivion!"

≈≈≈≈≈≈PP≈≈..........# #.#
###. ≈≈≈≈≈P≈≈≈;.....######
########. ♣≈≈≈≈PP≈PPP†...#
#>....##> ♣♣♣P≈≈P≈≈PP....#
#._..Y#.. ♣♣♣######....#
#.___.#.#
#####...H##########._...###
#.........%.......#._...###
#.###.#..Z....##.########..
#.# #.#...@##.##.# #####
#.# #...#.Z##.##.## #.#
###...........# #.#
#..#%##.##).# ## #.#
#..#.##.##..########. #.##
#...(................ #..#
##.#######...#####>## ##.#
#.# ###...# #.## #.# #.#
#.....# #.##


You could see a hippogriff, an electric eel, a friendly jackal skeleton and a
friendly yak skeleton.

Vanquished Creatures
  Prince Ribbit (D:6)
  Grinder (D:5)
  A wyvern (D:8)
  Sigmund (D:4)
  Eustachio (D:6)
  Menkaure (D:5)
  A phantom (D:8)
  An orc warrior (D:6)
  2 ogres (D:6)
  3 centaurs
  A wyvern zombie (D:7)
  A bullfrog (D:8)
  3 scorpions
  6 howler monkeys
  4 electric eels (D:8)
  2 crimson imps
  A hound (D:6)
  2 orc priests
  3 orc wizards
  Crazy Yiuf (D:5)
  4 iguanas
  4 worker ants
  A worker ant zombie (D:6)
  4 gnolls
  7 adders
  A shadow imp (D:7)
  2 oozes
  An adder skeleton (D:6)
  2 dart slugs (D:1)
  5 leopard geckos
  18 orcs
  6 giant cockroaches
  4 goblins
  4 hobgoblins
  12 jackals
  6 kobolds
  2 quokkas (D:6)
  2 bats
  7 frilled lizards
  6 rats
135 creatures vanquished.

Vanquished Creatures (collateral kills)
  A bullfrog skeleton (D:4)
  2 adders (D:4)
  An adder skeleton (D:4)
  An orc (D:4)
  A bat (D:2)
  A jackal (D:4)
7 creatures vanquished.

Vanquished Creatures (others)
  A wizard (D:6)
  A quasit (D:8)
  A jackal (D:8)
  3 plants (D:8)
6 creatures vanquished.

Grand Total: 148 creatures vanquished

Notes
Turn   | Place    | Note
-------+----------+-------------------------------------------
     0 | D:1      | mopl the Mummy Necromancer began the quest for the Orb.
     0 | D:1      | Reached XP level 1. HP: 13/13 MP: 3/3
    30 | D:1      | Learned a level 1 spell: Animate Skeleton
   161 | D:1      | Reached XP level 2. HP: 16/19 MP: 5/5
   849 | D:1      | Reached XP level 3. HP: 24/24 MP: 2/6
   880 | D:1      | Learned a level 3 spell: Vampiric Draining
  1491 | D:2      | Reached skill level 1 in Polearms
  1652 | D:2      | Reached XP level 4. HP: 20/30 MP: 8/8
  1850 | D:2      | Reached skill level 5 in Necromancy
  1961 | D:3      | Found a stormy altar of Qazlal.
  2071 | D:3      | Found an iron altar of Okawaru.
  2072 | D:3      | Found a bloodstained altar of Trog.
  2145 | D:3      | Reached skill level 3 in Spellcasting
  2535 | D:4      | Noticed a centaur
  2814 | D:4      | Killed a centaur
  2814 | D:4      | Reached XP level 5. HP: 26/35 MP: 5/9
  2884 | D:4      | Learned a level 4 spell: Control Undead
  2974 | D:4      | Reached skill level 2 in Polearms
  3075 | D:4      | Reached XP level 6. HP: 17/41 MP: 7/11
  3497 | D:4      | Noticed Sigmund
  3508 | D:4      | Killed Sigmund
  3508 | D:4      | Reached skill level 6 in Necromancy
  3959 | D:4      | Reached XP level 7. HP: 30/46 MP: 12/12
  4067 | D:5      | Entered Level 5 of the Dungeon
  4101 | D:5      | Noticed Grinder
  4284 | D:5      | Reached skill level 4 in Spellcasting
  4312 | D:5      | Noticed Menkaure
  4317 | D:5      | Killed Menkaure
  4317 | D:5      | Reached skill level 3 in Polearms
  4663 | D:5      | Reached skill level 7 in Necromancy
  4804 | D:5      | Found a runed door.
  4945 | D:5      | Killed Grinder
  5338 | D:5      | Noticed Crazy Yiuf
  5345 | D:5      | Killed Crazy Yiuf
  5588 | D:6      | Reached XP level 8. HP: 49/52 MP: 15/15
  5600 | D:6      | Found a staircase to the Ecumenical Temple.
  5602 | D:6      | Found a shattered altar of Ashenzari.
  5620 | Temple   | Entered the Ecumenical Temple
  5646 | Temple   | Became a worshipper of Kikubaaqudgha
  5681 | D:6      | Noticed Eustachio
  5697 | D:6      | Killed Eustachio
  5697 | D:6      | Reached skill level 8 in Necromancy
  5712 | D:6      | Found a glowing golden altar of the Shining One.
  5719 | D:6      | Noticed Prince Ribbit
  5727 | D:6      | Killed Prince Ribbit
  5727 | D:6      | Reached skill level 4 in Polearms
  5727 | D:6      | Reached skill level 5 in Spellcasting
  6033 | D:6      | Found a bloodstained altar of Trog.
  6035 | D:6      | Noticed a wizard
  6039 | D:6      | Killed a wizard
  6479 | D:6      | Reached skill level 9 in Necromancy
  6927 | D:7      | Reached * piety under Kikubaaqudgha
  6927 | D:7      | Identified Kikubaaqudgha's Catalogue of Darkness (Kikubaaqudgha gifted it to you on level 7 of the Dungeon)
  6927 | D:7      | Received a gift from Kikubaaqudgha
  6932 | D:7      | Learned a level 2 spell: Corpse Rot
  6981 | D:7      | Reached XP level 9. HP: 21/57 MP: 7/17
  7199 | D:7      | Noticed Monsterracer's ghost (novice MiFi)
  7403 | D:6      | Upgraded the game from 0.19.0-9-gfd783f2 to 0.19.0-11-g3fc08b3
  7881 | D:8      | Found a shimmering altar of Xom.
  7882 | D:8      | Found a shimmering altar of Xom.
  7882 | D:8      | Found a shimmering altar of Xom.
  7938 | D:8      | Reached skill level 6 in Spellcasting
  8109 | D:8      | Reached skill level 5 in Polearms
  8715 | D:8      | Found a glowing golden altar of the Shining One.
  9066 | D:8      | Reached skill level 10 in Necromancy
  9186 | D:8      | Found a shimmering altar of Xom.
  9186 | D:8      | Found a shimmering altar of Xom.
  9186 | D:8      | Found a shimmering altar of Xom.
  9186 | D:8      | Noticed an ice dragon
  9203 | D:8      | Noticed Psyche
  9237 | D:8      | Killed from afar by an electric eel

Skill      XL: |  1  2  3  4  5  6  7  8  9 |
---------------+----------------------------+-----
Polearms       | 1 2 3 4 5 |  5.3
Necromancy     | 5 6 7 9 10 | 10.0
Spellcasting   | 3 4 5 6 |  6.3
Dodging        | |  1.5
Stealth        | |  1.5

Action                   |  1- 3 |  4- 6 |  7- 9 || total
-------------------------+-------+-------+-------++-------
Melee: Unarmed           |    17 |       |       ||    17
       Dagger            |    12 |   112 |       ||   124
       Spear             |       |     5 |       ||     5
       Short sword       |       |     5 |   154 ||   159
       Quarterstaff      |       |       |    88 ||    88
       Scythe            |       |       |     7 ||     7
 Fire: Hunting sling     |    75 |       |    10 ||    85
 Cast: Pain              |    13 |    21 |    23 ||    57
       Animate Skeleton  |     1 |    13 |    23 ||    37
       Vampiric Draining |       |     7 |    25 ||    32
       Control Undead    |       |       |     4 ||     4
Invok: Receive Corpses   |       |       |     1 ||     1
Evoke: Wand              |       |       |     4 ||     4
  Use: Scroll            |       |     5 |     7 ||    12
 Stab: Sleeping          |       |     4 |       ||     4
Armor: Robe              |    11 |    35 |     1 ||    47
       Leather armour    |       |       |    74 ||    74
Dodge: Dodged            |    49 |    99 |   157 ||   305
